 Dungeon Crawl Stone Soup version 0.21-a0-426-g98080a9 (webtiles) character file.

153 varam the Magician (level 5, 0/35 HPs)
             Began as a Mummy Fire Elementalist on Nov 7, 2017.
             Slain by a gnoll
             ... wielding a +0 spear
              (11 damage)
             ... on level 4 of the Dungeon.
             The game lasted 00:12:28 (2346 turns).

varam the Magician (Mummy Fire Elementalist)        Turns: 2346, Time: 00:12:29

Health: 0/35       AC:  2    Str: 11    XL:     5   Next: 12%
Magic:  3/10       EV: 12    Int: 16    God:
Gold:   127        SH:  2    Dex: 12    Spells: 5/11 levels left

rFire    x . .     SeeInvis .   g - +0 short sword
rCold    + . .     Gourm    .   (no shield)
rNeg     + + +     Faith    .   a - +0 robe
rPois    ∞         Spirit   .   (no helmet)
rElec    .         Reflect  +   (no cloak)
rCorr    .         Harm     .   (no gloves)
MR       .....                  (no boots)
Stlth    ++........             c - +2 amulet of reflection
HPRegen  0.11/turn              h - ring of poison resistance
MPRegen  0.12/turn              (no ring)

@: very slightly contaminated
A: no food or potions, fire vulnerability, cold resistance 1, negative energy
resistance 3, torment resistance, unbreathing
a: no special abilities


You were on level 4 of the Dungeon.
You were not hungry.

You visited 1 branch of the dungeon, and saw 4 of its levels.

You collected 127 gold pieces.

Inventory:

Hand Weapons
 g - a +0 short sword (weapon)
Missiles
 e - 82 stones (quivered)
Armour
 a - a +0 robe (worn)
Jewellery
 c - a +2 amulet of reflection (around neck)
 h - a ring of poison resistance (left hand)
Scrolls
 d - 3 scrolls of remove curse {unknown}
 f - 2 scrolls of identify {unknown}
 i - a scroll of teleportation {unknown}
Books
 b - a book of Flames

   Spells                             Type                      Level
   a - Flame Tongue                   Conjuration/Fire             1
   b - Throw Flame                    Conjuration/Fire             2
   c - Conjure Flame                  Conjuration/Fire             3
   d - Inner Flame                    Hexes/Fire                   3
   e - Sticky Flame                   Conjuration/Fire             4
   f - Fireball                       Conjuration/Fire             5


   Skills:
 - Level 1.5 Dodging
 - Level 1.5 Stealth
 + Level 3.9 Spellcasting
 * Level 2.5 Conjurations
 * Level 3.5 Fire Magic


You had 5 spell levels left.
You knew the following spells:

 Your Spells              Type           Power        Failure   Level  Hunger
a - Flame Tongue          Conj/Fire      ##...        4%          1    N/A
b - Throw Flame           Conj/Fire      ##....       8%          2    N/A
c - Conjure Flame         Conj/Fire      ##......     14%         3    N/A

Dungeon Overview and Level Annotations

Branches:
Dungeon (4/15)
 Temple: D:4-7

Altars:
Sif Muna

Annotations:
D:3 Robin


Innate Abilities, Weirdness & Mutations

You do not eat or drink.
Your flesh is vulnerable to fire.
You are immune to poison.
Your flesh is cold resistant. (rC+)
You are immune to negative energy. (rN+++)
You are immune to unholy pain and torment.
You can survive without breathing.


Message History

Aim: Robin, wielding a mace, wearing an animal skin and wearing a helmet (heavily wounded)
The flame tongue hits Robin.
Robin is almost dead.
The goblin shouts!
The goblin no longer looks unusually strong. x2
Robin hits you with a mace!
The goblin shoots a sling bullet.
The sling bullet hits you.
The goblin shoots a stone.
The stone barely misses you. Robin throws the goblin at you!
The goblin shoots a stone.
The stone closely misses you. The goblin hits you.
You see here a stone.
Robin laughs in a distinctly smug fashion.
There is a stone staircase leading down here.
The goblin closely misses you.
The goblin shoots a stone.
The stone closely misses you.
You climb downwards. 3 gnolls and an orc come into view.
The orc shouts!
The gnoll shouts! x2; You hear a shout!
The gnoll barely misses you. The gnoll hits you with a spear!
You die...

#. .# ## ..
.. ..# # #.
.# #.# #...
..... #g#.
.#.# ..g ...
#.#g#g#.#.#.
#..o@g......
###.#.#.#.#.
## ##


You could see 4 gnolls, an orc and a goblin.

Vanquished Creatures
  An orc wizard (D:3)
  4 gnolls
  3 adders
  3 leopard geckos
  An orc (D:3)
  10 bats
  2 giant cockroaches
  4 goblins
  9 hobgoblins
  2 jackals (D:3)
  A ball python (D:3)
  6 frilled lizards
  7 kobolds
  3 rats
56 creatures vanquished.

Notes
Turn   | Place    | Note
-------+----------+-------------------------------------------
     0 | D:1      | varam the Mummy Fire Elementalist began the quest for the Orb.
     0 | D:1      | Reached XP level 1. HP: 13/13 MP: 4/4
   113 | D:1      | Reached skill level 1 in Conjurations
   324 | D:1      | Reached XP level 2. HP: 19/19 MP: 2/5
   329 | D:1      | Learned a level 2 spell: Throw Flame
   495 | D:1      | Reached skill level 3 in Spellcasting
   851 | D:2      | Reached XP level 3. HP: 24/24 MP: 0/7
  1095 | D:2      | Reached skill level 3 in Fire Magic
  1383 | D:3      | Noticed Robin
  1544 | D:3      | Reached skill level 2 in Conjurations
  1552 | D:3      | Reached XP level 4. HP: 30/30 MP: 0/9
  1995 | D:3      | Learned a level 3 spell: Conjure Flame
  2055 | D:3      | Found a deep blue altar of Sif Muna.
  2185 | D:3      | Reached XP level 5. HP: 35/35 MP: 4/10
  2346 | D:4      | Slain by a gnoll

Vault maps used:
D:1:      matt_arrival_refuge
D:2:      minmay_misc_feat_tiny, kennysheep_generic_room_12
D:3:      led_sif_book, uniq_robin
D:4:      st_stairs_9, minmay_close_crescents

Skill      XL: |  1  2  3 |
---------------+----------+-----
Conjurations   | 1 2 |  2.5
Spellcasting   | 3 |  3.9
Fire Magic     | 3 |  3.5
Dodging        | |  1.5
Stealth        | |  1.5

Action                   |  1- 3 |  4- 6 || total
-------------------------+-------+-------++-------
Melee: Unarmed           |     6 |       ||     6
       Short sword       |     2 |    17 ||    19
Throw: Stone             |     3 |     4 ||     7
 Cast: Flame Tongue      |    57 |    42 ||    99
       Throw Flame       |     3 |    12 ||    15
       Conjure Flame     |       |     1 ||     1
 Stab: Sleeping          |     1 |       ||     1
Armor: Robe              |    11 |    14 ||    25
Dodge: Dodged            |    25 |    40 ||    65
Block: Other             |       |     4 ||     4

Table legend:
 A = Spawn XP
 B = Non-spawn XP
 C = Spawn XP percentage of total XP
 D = Spawn monster count
 E = Non-spawn monster count
 F = Spawn count percentage of total count
 G = Total turns spent on level
                    A         B        C        D         E        F      G
               +---------+---------+-------+---------+---------+-------+---------
         Total |       0 |     219 |   0.0 |       0 |      56 |   0.0 |  2346
               +---------+---------+-------+---------+---------+-------+---------
           D:1 |       0 |      20 |   0.0 |       0 |      12 |   0.0 |   639
           D:2 |       0 |      85 |   0.0 |       0 |      21 |   0.0 |  1280
           D:3 |       0 |     114 |   0.0 |       0 |      23 |   0.0 |   425
               +---------+---------+-------+---------+---------+-------+---------
